 Dungeon Crawl Stone Soup version 0.30-a0-3-gc9032a9cac (webtiles) character file.

Game seed: 3060755118859681703

178571 jvdsbvj the Imperceptible (level 17, -19/91 HPs)
             Began as a Spriggan Enchanter on Aug 19, 2022.
             Was the Champion of Dithmenos.
             Demolished by a manticore (42 damage)
             ... on level 4 of the Shoals on Aug 20, 2022.
             The game lasted 01:36:52 (33798 turns).

jvdsbvj the Imperceptible (Spriggan Enchanter)     Turns: 33798, Time: 01:36:52

Health: -19/91     AC: 16    Str:  8    XL:     17   Next: 58%
Magic:  38/39      EV:  4    Int: 17    God:    Dithmenos [******]
Gold:   1576       SH:  0    Dex: 17    Spells: 32/50 levels left

rFire   . . .      SeeInvis +    r - +9 quick blade (protect)
rCold   + . .      Faith    .    (no shield)
rNeg    . . .      Spirit   .    B - +5 steam dragon scales
rPois   +          Reflect  .    l - +2 hat {Stlth+}
rElec   +          Harm     .    (no cloak)
rCorr   .          Rampage  .    (gloves unavailable)
Will    +++..                    (boots unavailable)
Stlth   +++++++++.               q - amulet of the acrobat
HPRegen 1.05/turn                k - +4 ring of slaying
MPRegen 0.26/turn                V - ring "Agahac" {rElec rPois rC+ Will+ AC+4}

@: sleeping, wreathed by umbra, studying Maces & Flails, unable to read, slow
A: very small, no large weapons, unfitting armour, see invisible, speed 3,
regeneration 1, weak 1, inability to read after injury 1
a: Renounce Religion, Shadow Step, Shadow Form


You were on level 4 of the Shoals.
You worshipped Dithmenos.
Dithmenos was exalted by your worship.
You visited 6 branches of the dungeon, and saw 31 of its levels.
You visited 1 bazaar.
You also visited: Bailey.

You collected 3692 gold pieces.
You spent 2116 gold pieces at shops.

Inventory:

Hand Weapons
 r - a +9 quick blade of protection (weapon)
 E - the +7 dagger "Vyzegowin" {holy, Fly rC+}
   (You found it in a bailey)

   It has been blessed by the Shining One to cause great damage to the undead
   and demons.
   rC:        It protects you from cold.
   Fly:       It grants you flight.
Missiles
 j - 5 throwing nets (quivered)
Armour
 l - a +2 hat of stealth (worn)
 B - +5 steam dragon scales (worn)
Jewellery
 k - a +4 ring of slaying (left hand)
 q - an amulet of the acrobat (around neck)
 s - a +4 ring of protection
 H - a ring of wizardry
 K - a ring of fire
 L - a ring of fire
 P - a ring of resist corrosion
 V - the ring "Agahac" (right hand) {rElec rPois rC+ Will+ AC+4}
   (You bought it in a shop in a bazaar)

   [ring of protection]

   AC:        It affects your AC (+4).
   rC:        It protects you from cold.
   rElec:     It insulates you from electricity.
   rPois:     It protects you from poison.
   Will:      It increases your willpower.
 W - a ring of magical power
Wands
 h - a wand of polymorph (5)
 t - a wand of charming (11)
 C - a wand of mindburst (14)
 G - a wand of flame (20)
 J - a wand of digging (18)
 U - a wand of iceblast (3)
Scrolls
 a - 2 scrolls of summoning
 e - 7 scrolls of magic mapping
 n - 4 scrolls of enchant weapon
 o - 6 scrolls of fear
 p - 20 scrolls of identify
 x - 5 scrolls of blinking
 y - 17 scrolls of teleportation
 z - 7 scrolls of fog
 F - 4 scrolls of vulnerability
 M - 4 scrolls of amnesia
 O - a scroll of brand weapon
Potions
 b - 12 potions of curing
 c - 2 potions of invisibility
 d - 4 potions of flight
 f - 9 potions of lignification
 g - 4 potions of resistance
 m - 6 potions of brilliance
 u - 2 potions of mutation
 v - 6 potions of heal wounds
 w - a potion of ambrosia
 A - a potion of berserk rage
 D - 2 potions of cancellation
 Q - 3 potions of haste
 R - 6 potions of might
 X - a potion of magic
Miscellaneous
 I - a tin of tremorstones (inert)
 S - a condenser vane (inert)
 T - a box of beasts (inert)


   Skills:
 + Level 10.9 Fighting
 - Level 10.0 Short Blades
 + Level 16.6 Dodging
 + Level 21.4 Stealth
 + Level 17.4 Spellcasting
 + Level 17.5 Hexes
 - Level 11.0 Evocations


You had 32 spell levels left.
You knew the following spells:

 Your Spells              Type           Power      Damage    Failure   Level
a - Ensorcelled Hibernat  Hex/Ice        88%        N/A       1%          2
b - Tukima's Dance        Hex            65%        N/A       0%          3
c - Dazzling Flash        Conj/Hex       88%        N/A       1%          3
d - Confusing Touch       Hex            65%        N/A       0%          3
e - Enfeeble              Hex            32%        N/A       2%          7

Your spell library contained the following spells:

 Spells                   Type           Power      Damage    Failure   Level
 Portal Projectile        Hex/Tloc       88%        N/A       1%          3
 Summon Guardian Golem    Hex/Summ       44%        N/A       1%          3
 Fulminant Prism          Conj/Hex       22%        3d13      1%          4
 Leda's Liquefaction      Hex/Erth       22%        N/A       1%          4
 Yara's Violent Unravell  Hex/Tmut       22%        3d10      3%          5
 Beastly Appendage        Tmut           28%        N/A       4%          1
 Magic Dart               Conj           56%        1d5       4%          1
 Summon Small Mammal      Summ           56%        N/A       4%          1
 Call Imp                 Summ           14%        N/A       6%          2
 Searing Ray              Conj           28%        2d5       6%          2
 Sublimation of Blood     Necr           14%        N/A       6%          2
 Wereblood                Tmut           14%        N/A       6%          2
 Call Canine Familiar     Summ           14%        N/A       12%         3
 Frozen Ramparts          Ice            28%        1d5       12%         3
 Ignite Poison            Fire/Tmut/Pois 14%        N/A       12%         3
 Mephitic Cloud           Conj/Pois/Air  14%        N/A       12%         3
 Spider Form              Tmut/Pois      14%        N/A       12%         3
 Ice Form                 Ice/Tmut       14%        N/A       36%         4
 Summon Ice Beast         Ice/Summ       14%        N/A       36%         4
 Freezing Cloud           Conj/Ice/Air   7%         6-21      73%         5
 Lee's Rapid Deconstruct  Erth           7%         3d7*      73%         5
 Summon Forest            Summ/Tloc      7%         N/A       73%         5
 Eringya's Noxious Bog    Tmut/Pois      7%         N/A       99%         6
 Simulacrum               Ice/Necr       7%         N/A       99%         6
 Statue Form              Tmut/Erth      9%         N/A       99%         6
 Orb of Destruction       Conj           7%         9d6       100%        7
 Spellforged Servitor     Conj/Summ      7%         N/A       100%        7
 Summon Hydra             Summ           7%         N/A       100%        7
 Polar Vortex             Ice            7%         N/A       100%        9


Dungeon Overview and Level Annotations

Branches:
Dungeon (15/15)            Temple (1/1) D:7            Lair (5/5) D:10
 Shoals (4/4) Lair:2       Spider (4/4) Lair:3        Slime (0/5) Lair:4
    Orc (2/2) D:11            Elf (0/3) Orc:2        Vaults (0/5) D:13
 Depths (0/4) D:15         Bailey (visited)

Altars:
Ashenzari
Cheibriados
Dithmenos
Elyvilon
Fedhas
Gozag
Hepliaklqana
Kikubaaqudgha
Makhleb
Nemelex Xobeh
Okawaru
Qazlal
Ru
Sif Muna
Trog
Uskayaw
Vehumet
Wu Jian
Xom
Yredelemnul
Zin
The Shining One

Shops:
D:3 ??:   D:6 *   D:7 ?   Orc:2 =:(!

Annotations:
D:14 Roxanne


Innate Abilities, Weirdness & Mutations

You are very small and have problems with some larger weapons.
You are too small for most types of armour.
You have supernaturally acute eyesight. (SInv)
You cover ground extremely quickly. (Speed+++)
Your natural rate of healing is unusually fast.
You are weak. (Str -2)
You occasionally lose the ability to read scrolls when taking damage.


Message History

You hear a shout!
Your surroundings suddenly seem different.
A storm dragon, a water nymph and a merfolk siren come into view.
The merfolk siren is wielding a +0 spear of flaming.
Found five items.
As you read the scroll of teleportation, it crumbles to dust.
You feel strangely unstable.
An air elemental comes into view.
The air elemental moves out of view.
Unknown command.
You enter the shallow water.
Moving in this stuff is going to be slow.
Your surroundings suddenly seem different.
Splash!
You fall into the shallow water.
Moving in this stuff is going to be slow.
A merfolk impaler, a manticore and 2 merfolk come into view.
The merfolk impaler is wielding a +3 trident of freezing.
A merfolk is wielding a +0 trident and quivering boomerangs of dispersal.
Found a condenser vane (inert).
The snapping turtle hisses angrily.
The merfolk shouts!
The merfolk javelineer shouts!
The water nymph casts a spell at you. The water swirls and strikes you!!
You feel threatened and lose the ability to read scrolls!
* * * LOW HITPOINT WARNING * * *
You emit a cloud of dark smoke.
The air elemental fires a burst of electricity at you.
The stunning burst hits you. You resist.
You suddenly lose the ability to move!
* * * LOW HITPOINT WARNING * * *
You can move again.
You feel much better.
The merfolk throws a boomerang of dispersal.
The boomerang of dispersal hits you but does no damage.
The merfolk hits you from afar with a +0 trident!
* * * LOW HITPOINT WARNING * * *
The dream sheep ruffle their wool and motes of dream dust sparkle, to no effect.
The dream sheep are wreathed in dream dust.
You feel drowsy...
You fall asleep.
The manticore bites you!!!
You die...

.~.~~~~~~......§§§§E§§§.....
8.8~8)8.8~....§§§E§§§§§.....
.~~~.~.~~.##########§§######
8~8~.~.~.?#8.... ..§§§Y§.
.~.~~.~~.~#..... ~~k~~Y~m#
8~8~<~8~.~#..~~~ ~tm§~~~~~~
~..~..~.)~#.#~~~#tm~#Y~§##~~
8.8~8~8~8~#..~~~§§EYE.~~~ ~
~~..~.~.~~#....H@§mmE~~~#~
8~.~.~8~..#8...§§§§.Em..
~~~~~.~~.###########..##########
.######### .~~ ~~~~......
.#8.....8# .#~~##~~#....#
.#.......# ...~~~~....P.#
.#..~~...# ~~~~~~~~~~~.
.#..~~~..# ≈≈##~~##≈≈#
.#..~~~..# ....~~....##


You could see 2 snapping turtles, a wind drake (repels missiles), 2 merfolk, a
manticore, a water elemental, a water nymph, an air elemental and 3 dream sheep.

Vanquished Creatures
  Rupert (D:14)
  A kraken (Shoals:1)
  Agnes (D:15)
  Gastronok (Lair:2)
  2 emperor scorpions (Spider:2)
  An orc warlord (Orc:2)
  A caustic shrike zombie (D:15)
  A broodmother (Spider:3)
  An entropy weaver (Spider:2)
  Azrael (Orc:2)
  A merfolk javelineer (Shoals:1)
  7 merfolk impalers
  3 boulder beetles
  4 hydras
  Harold (D:10)
  A jorogumo (Spider:3)
  3 radroaches
  An ogre mage (D:15)
  4 centaur warriors
  A merfolk avatar (Shoals:3)
  3 alligator snapping turtles
  2 dancing weapons (D:13)
  6 merfolk aquamancers
  7 two-headed ogres
  2 catoblepae
  2 satyrs
  A vampire mage (D:15)
  12 death yaks
  4 orc high priests (Orc:2)
  Amaemon (Lair:3)
  2 sun moths
  A goliath frog (Lair:5)
  Lodul (D:13)
  A spark wasp zombie (D:15)
  7 skeletal warriors
  2 pharaoh ants
  5 sea snakes (Shoals:2)
  6 orb spiders
  10 harpies
  7 steelbarb worms
  Pikel (D:6)
  3 spectral wolf spiders (Spider:2)
  24 wolf spiders
  A necromancer (D:15)
  6 fauns
  2 orc knights (D:11)
  3 deep elf pyromancers
  2 wolf spider zombies (Spider:2)
  4 orc sorcerers
  A frost giant zombie (D:15)
  A moth of wrath (Spider:2)
  8 ugly things
  A salamander (shapeshifter) (D:14)
  6 cyclopes
  8 manticores
  2 slime creatures (D:14)
  6 elephants (Lair:4)
  11 water nymphs
  6 torpor snails
  2 black mambas
  8 merfolk sirens
  A gargoyle (D:12)
  An orange demon (Lair:3)
  23 cane toads
  A rime drake (Lair:3)
  2 kobold demonologists
  An efreet (D:15)
  4 yaktaurs
  6 komodo dragons
  6 demonic crawlers
  3 tyrant leeches (Lair:5)
  3 meliai (Spider:3)
  2 polar bears
  8 trolls
  22 merfolk
  5 wind drakes
  A troll (shapeshifter) (D:14)
  11 tarantellas
  2 hornets
  6 wolf spider simulacra (Spider:2)
  7 snapping turtles
  25 blink frogs
  11 dream sheep
  A spriggan zombie (D:15)
  24 jumping spiders
  3 spriggans (Bailey)
  12 culicivoras
  2 shadows (D:11)
  3 vampires (D:12)
  5 wyverns
  17 water elementals
  6 air elementals
  3 fire elementals (Orc:2)
  12 basilisks
  38 yaks
  28 redbacks
  2 wraiths
  3 steam dragons
  A hog (shapeshifter) (D:15)
  5 vampire mosquitoes
  5 wargs
  2 acid dragons
  14 water moccasins
  4 hell hounds (Orc:2)
  Duvessa (D:5)
  An ice beast (D:7)
  30 orc warriors
  3 sky beasts
  A black bear (D:7)
  19 ogres
  14 wolves
  3 centaurs
  2 phantoms
  21 bullfrogs
  2 necrophages
  6 scorpions
  7 wights
  Dowan (D:5)
  3 killer bees (D:9)
  11 howler monkeys
  4 electric eels
  5 hounds
  2 jellies
  A gnoll bouda (D:6)
  25 orc priests
  21 orc wizards
  An iguana (D:4)
  6 adders
  3 gnolls
  3 shadow imps
  2 white imps
  An ufetubus (D:4)
  3 worms
  5 dart slugs
  61 orcs
  5 endoplasms
  5 giant cockroaches
  11 goblins
  8 hobgoblins
  5 quokkas
  5 ball pythons
  8 bats
  2 frilled lizards
  5 kobolds
  7 rats
895 creatures vanquished.

Vanquished Creatures (collateral kills)
  Polyphemus (Shoals:4)
  A catoblepas (Shoals:4)
  A merfolk (Shoals:2)
  A tarantella (Spider:3)
  A spriggan (Bailey)
  An orc warrior (D:7)
  An ogre (Bailey)
  2 wights
  An orc priest (D:7)
  3 orc wizards
  A gnoll (D:6)
  6 orcs
20 creatures vanquished.

Vanquished Creatures (others)
  A faun (Shoals:2)
  Psyche (D:9)
  A demonic crawler (Spider:2)
  A culicivora (Spider:3)
  15 dancing weapons
  A necrophage (D:7)
  An orc (Orc:2)
  17 fungi
  103 plants
  3 withered plants
144 creatures vanquished.

Grand Total: 1059 creatures vanquished

Notes
Turn   | Place    | Note
-------+----------+-------------------------------------------
     0 | D:1      | jvdsbvj the Spriggan Enchanter began the quest for the Orb.
     0 | D:1      | Reached XP level 1. HP: 9/9 MP: 5/5
   217 | D:1      | Reached XP level 2. HP: 13/13 MP: 7/7
   246 | D:1      | Learned a level 2 spell: Ensorcelled Hibernation
  1094 | D:1      | Reached XP level 3. HP: 15/16 MP: 9/9
  1098 | D:1      | Learned a level 3 spell: Tukima's Dance
  1102 | D:1      | Learned a level 3 spell: Confusing Touch
  2006 | D:3      | Found Coed's Book Boutique.
  2046 | D:3      | Found Lom Xute's Magic Scroll Shoppe.
  2052 | D:3      | Bought a scroll of identify for 24 gold pieces
  2052 | D:3      | Bought a scroll of identify for 24 gold pieces
  2052 | D:3      | Bought a scroll of noise for 12 gold pieces
  2399 | D:3      | Found Nuyjahie's Magic Scroll Shop.
  2451 | D:3      | Reached XP level 4. HP: 21/21 MP: 11/11
  2457 | D:3      | Found a broken altar of Ashenzari.
  2492 | D:3      | Reached skill level 5 in Hexes
  2640 | D:3      | Gained mutation: Your natural rate of healing is unusually
                  | fast. [potion of mutation]
  2640 | D:3      | Gained mutation: You are weak. (Str -2) [potion of
                  | mutation]
  2836 | D:3      | Found a faded altar of an unknown god.
  3510 | D:4      | Noticed an ogre
  3524 | D:4      | Killed an ogre
  3525 | D:4      | Reached skill level 5 in Spellcasting
  3525 | D:4      | Reached XP level 5. HP: 18/24 MP: 2/13
  3676 | D:4      | Reached skill level 5 in Stealth
  3676 | D:4      | Reached XP level 6. HP: 25/28 MP: 3/15
  4228 | D:5      | Entered Level 5 of the Dungeon
  4355 | D:5      | Identified a scroll of acquirement
  4355 | D:5      | Acquired a +6 quick blade
  4473 | D:5      | Reached skill level 6 in Stealth
  4492 | D:5      | Noticed Duvessa
  4492 | D:5      | Noticed Dowan
  4522 | D:5      | Killed Duvessa
  4523 | D:5      | Reached XP level 7. HP: 30/32 MP: 10/17
  4530 | D:5      | Killed Dowan
  4627 | D:5      | Reached skill level 7 in Stealth
  5026 | D:6      | Noticed a steam dragon
  5215 | D:6      | Killed a steam dragon
  5216 | D:6      | Reached skill level 8 in Stealth
  5216 | D:6      | Reached XP level 8. HP: 17/36 MP: 14/20
  5439 | D:6      | Found Riomumu's General Store.
  5463 | D:6      | Learned a level 3 spell: Dazzling Flash
  5472 | D:6      | Noticed Pikel
  5497 | D:6      | Killed Pikel
  5498 | D:6      | Reached skill level 9 in Stealth
  5805 | D:6      | Bought a scroll of identify for 24 gold pieces
  5958 | D:6      | Reached skill level 10 in Stealth
  5986 | D:6      | Reached XP level 9. HP: 34/39 MP: 17/23
  6188 | D:7      | Found Ulleenke's Magic Scroll Emporium.
  6195 | D:7      | Bought a scroll of identify for 22 gold pieces
  6195 | D:7      | Bought a scroll of fear for 44 gold pieces
  6195 | D:7      | Bought a scroll of blinking for 82 gold pieces
  6195 | D:7      | Bought a scroll of identify for 22 gold pieces
  6213 | D:7      | Reached skill level 1 in Fighting
  6577 | D:7      | Found a staircase to the Ecumenical Temple.
  6583 | Temple   | Entered the Ecumenical Temple
  6777 | D:7      | Found a glowing silver altar of Zin.
  6778 | D:7      | Noticed an angel
  6779 | D:7      | Found a shimmering altar of Xom.
  6830 | D:8      | Noticed a two-headed ogre
  6834 | D:8      | Killed a two-headed ogre
  6835 | D:8      | Reached skill level 11 in Stealth
  6835 | D:8      | Reached skill level 10 in Hexes
  6927 | D:8      | Reached skill level 5 in Dodging
  6970 | D:8      | Noticed a two-headed ogre
  6984 | D:8      | Killed a two-headed ogre
  6985 | D:8      | Reached XP level 10. HP: 47/47 MP: 9/24
  7063 | D:8      | Found a shadowy altar of Dithmenos.
  7137 | D:8      | Became a worshipper of Dithmenos the Shadowed
  7173 | D:8      | Reached skill level 10 in Spellcasting
  7669 | D:9      | Reached skill level 12 in Stealth
  7759 | D:9      | Found a flagged portal.
  7795 | Bailey   | Entered a bailey
  8028 | Bailey   | Reached skill level 5 in Short Blades
  8035 | Bailey   | Reached * piety under Dithmenos
  8044 | Bailey   | Noticed a two-headed ogre
  8056 | Bailey   | HP: 1/49 [two-headed ogre/+0 glaive (32)]
  8075 | Bailey   | Killed a two-headed ogre
  8232 | Bailey   | Identified the +7 dagger "Vyzegowin" {holy, Fly rC+}
  8813 | D:9      | Noticed Psyche
  8964 | D:9      | Killed Psyche
  8965 | D:9      | Reached XP level 11. HP: 51/53 MP: 23/26
  9068 | D:10     | Entered Level 10 of the Dungeon
  9072 | D:10     | Found a hide-covered altar of Uskayaw.
  9099 | D:10     | Identified the +1 scale mail "Bis Apra" {Regen+ rCorr}
  9196 | D:10     | Noticed a death yak
  9205 | D:10     | Found a staircase to the Lair.
  9205 | D:10     | Noticed a death yak
  9205 | D:10     | Noticed a death yak
  9206 | D:10     | Noticed a death yak
  9206 | D:10     | Noticed a death yak
  9213 | D:10     | Noticed Harold
  9443 | D:10     | Reached skill level 13 in Stealth
 10152 | D:11     | Noticed a skeletal warrior
 10153 | D:11     | Noticed a skeletal warrior
 10213 | D:11     | Killed a skeletal warrior
 10268 | D:11     | Noticed a skeletal warrior
 10381 | D:11     | Killed a skeletal warrior
 10585 | D:11     | Identified the +1 short sword "Xojeyr" {drain, +Blink rPois
                  | Dex+9}
 10638 | D:11     | Found a staircase to the Orcish Mines.
 10666 | D:11     | Reached ** piety under Dithmenos
 10692 | D:11     | Found a runed translucent door.
 10704 | D:11     | Noticed an orc knight
 10707 | D:11     | Noticed an orc knight
 10936 | D:11     | Killed an orc knight
 11014 | D:11     | Killed an orc knight
 11180 | D:11     | Noticed a skeletal warrior
 11182 | D:11     | Noticed a skeletal warrior
 11340 | D:11     | Killed a skeletal warrior
 11341 | D:11     | Reached skill level 5 in Fighting
 11414 | D:11     | Reached skill level 14 in Stealth
 11773 | D:12     | Identified the +2 scale mail of the Desolation of Salt
                  | {rCorr}
 11834 | D:12     | Noticed a two-headed ogre
 11840 | D:12     | Killed a two-headed ogre
 11841 | D:12     | Reached XP level 12. HP: 60/60 MP: 28/28
 11939 | D:12     | Noticed a boulder beetle
 11952 | D:12     | Killed a boulder beetle
 12081 | D:12     | Noticed a centaur warrior
 12081 | D:12     | Noticed a two-headed ogre
 12111 | D:12     | Killed a two-headed ogre
 12119 | D:12     | Killed a centaur warrior
 12119 | D:12     | Reached *** piety under Dithmenos
 12227 | D:12     | Identified the +3 leather armour "Ybunga" {SInv}
 12690 | D:13     | Found a gate to the Vaults.
 12696 | D:13     | Reached skill level 15 in Stealth
 13053 | D:13     | Noticed Lodul
 13058 | D:13     | Killed Lodul
 13059 | D:13     | Reached skill level 10 in Dodging
 13307 | D:13     | Noticed a centaur warrior
 13323 | D:13     | Killed a centaur warrior
 13509 | D:14     | Noticed Roxanne
 13574 | D:14     | Noticed Rupert
 13637 | D:14     | Killed Rupert
 13681 | D:14     | Reached XP level 13. HP: 55/65 MP: 5/30
 14635 | D:10     | Killed Harold
 14829 | Lair:1   | Entered Level 1 of the Lair of Beasts
 14968 | Lair:1   | Reached skill level 16 in Stealth
 15566 | Lair:1   | Reached **** piety under Dithmenos
 15855 | Lair:2   | Upgraded the game from 0.30-a0-1-g69b7b797bf to
                  | 0.30-a0-3-gc9032a9cac
 16176 | D:3      | Bought a scroll of magic mapping for 90 gold pieces
 16176 | D:3      | Bought a scroll of fear for 48 gold pieces
 16176 | D:3      | Bought a scroll of teleportation for 36 gold pieces
 16176 | D:3      | Bought a scroll of immolation for 48 gold pieces
 16176 | D:3      | Bought a scroll of teleportation for 36 gold pieces
 16195 | D:3      | Bought a scroll of fear for 44 gold pieces
 16195 | D:3      | Bought a scroll of immolation for 44 gold pieces
 16195 | D:3      | Bought a scroll of fog for 44 gold pieces
 16195 | D:3      | Bought a scroll of enchant weapon for 82 gold pieces
 16195 | D:3      | Bought a scroll of blinking for 82 gold pieces
 16195 | D:3      | Bought a scroll of magic mapping for 82 gold pieces
 16325 | D:7      | Bought a scroll of fog for 44 gold pieces
 16325 | D:7      | Bought a scroll of summoning for 104 gold pieces
 16476 | Lair:2   | Noticed Gastronok
 16496 | Lair:2   | Killed Gastronok
 16606 | D:7      | Bought a scroll of enchant armour for 82 gold pieces
 16686 | Lair:2   | Found a staircase to the Shoals.
 17401 | Lair:3   | Found a hole to the Spider Nest.
 17501 | Lair:3   | Noticed Amaemon
 17565 | Lair:3   | Killed Amaemon
 17566 | Lair:3   | Reached skill level 10 in Short Blades
 17693 | Lair:3   | Reached XP level 14. HP: 72/72 MP: 32/32
 17696 | Lair:3   | Reached ***** piety under Dithmenos
 17918 | Lair:3   | Reached skill level 17 in Stealth
 19012 | Lair:4   | Found a staircase to the Slime Pits.
 19647 | Lair:5   | Entered Level 5 of the Lair of Beasts
 20050 | Lair:5   | Reached skill level 18 in Stealth
 20158 | Lair:5   | Reached ****** piety under Dithmenos
 20238 | Lair:5   | Reached skill level 15 in Hexes
 20836 | Lair:5   | Identified the +2 leather armour "Timiaz" {rPois Int+2}
 20897 | Lair:5   | Reached skill level 15 in Spellcasting
 22083 | Orc:1    | Entered Level 1 of the Orcish Mines
 22147 | Orc:2    | Entered Level 2 of the Orcish Mines
 22168 | Orc:2    | Reached XP level 15. HP: 60/78 MP: 27/35
 22690 | Orc:1    | Noticed an orc warlord
 22808 | Orc:2    | Found a staircase to the Elven Halls.
 22813 | Orc:2    | Noticed Azrael
 22816 | Orc:2    | Killed Azrael
 23386 | Orc:2    | Found Naicesem's Weapon Emporium.
 23386 | Orc:2    | Found Atocu's Jewellery Shoppe.
 23387 | Orc:2    | Found Oprurino's Book Shoppe.
 23391 | Orc:2    | Found Geafeddi's Distillery.
 23671 | Orc:2    | Bought a potion of curing for 39 gold pieces
 23671 | Orc:2    | Bought a potion of brilliance for 52 gold pieces
 23671 | Orc:2    | Bought a potion of heal wounds for 65 gold pieces
 23671 | Orc:2    | Bought a potion of curing for 39 gold pieces
 23738 | Orc:2    | Killed an orc warlord
 23799 | Orc:1    | Gained mutation: You occasionally lose the ability to read
                  | scrolls when taking damage. [a neqoxec]
 24234 | D:15     | Entered Level 15 of the Dungeon
 24516 | D:15     | Learned a level 7 spell: Enfeeble
 24536 | D:15     | Reached skill level 19 in Stealth
 24636 | D:15     | Found a staircase to the Depths.
 24850 | D:15     | Found a gateway to a bazaar.
 24873 | D:15     | Noticed Agnes
 24977 | D:15     | Killed Agnes
 25023 | D:15     | Found a sparkling altar of Nemelex Xobeh.
 25328 | Bazaar   | Entered a bazaar
 25358 | Bazaar   | Found Esoo's Jewellery Boutique.
 25398 | Bazaar   | Found Ebon's Jewellery Emporium.
 25452 | Bazaar   | Found Iffizad's Jewellery Emporium.
 25509 | Bazaar   | Found Gyash's Book Emporium.
 25801 | Bazaar   | Bought the ring "Agahac" {rElec rPois rC+ Will+ AC+4} for
                  | 801 gold pieces
 26048 | Spider:1 | Entered Level 1 of the Spider Nest
 26306 | Spider:1 | Reached skill level 1 in Evocations
 26545 | Spider:1 | Reached skill level 5 in Evocations
 27004 | Spider:2 | Noticed an emperor scorpion
 27089 | Spider:2 | Killed an emperor scorpion
 27115 | Spider:2 | Noticed an emperor scorpion
 27119 | Spider:2 | Killed an emperor scorpion
 27130 | Spider:2 | Reached XP level 16. HP: 84/84 MP: 30/36
 27554 | Spider:2 | Reached skill level 10 in Evocations
 27979 | Spider:4 | Entered Level 4 of the Spider Nest
 28104 | Spider:3 | Reached skill level 15 in Dodging
 28482 | Spider:3 | Reached skill level 20 in Stealth
 28901 | Spider:3 | Reached skill level 10 in Fighting
 29161 | Shoals:1 | Entered Level 1 of the Shoals
 30027 | Shoals:1 | Noticed a kraken
 30036 | Shoals:1 | Killed a kraken
 30720 | Shoals:2 | Reached XP level 17. HP: 89/89 MP: 8/38
 32294 | Shoals:3 | Found the +2 Maxwell's thermic engine {flame, freeze}
 32765 | Shoals:4 | Entered Level 4 of the Shoals
 32778 | Shoals:4 | Reached skill level 21 in Stealth
 33300 | Shoals:4 | Paralysed by an air elemental for 1 turns
 33304 | Shoals:4 | Paralysed by an air elemental for 1 turns
 33393 | Shoals:4 | Paralysed by an air elemental for 1 turns
 33421 | Shoals:4 | Noticed Polyphemus
 33446 | Shoals:4 | Killed Polyphemus
 33781 | Shoals:4 | Identified the +5 glaive "Inasuomm" {vorpal, rF+ Str+2
                  | Int+2 Dex+2}
 33797 | Shoals:4 | Paralysed by an air elemental for 1 turns
 33798 | Shoals:4 | Demolished by a manticore

Illustrated notes

Levels and vault maps discovered:
D:1:      roderic_octagonal_star, layout_basic, chequers_garden
D:2:      layout_rooms, serial_bayou_ford_a
D:3:      layout_loops_ring, mainiacjoe_overflow_tiny_flanked, serial_shops,
          nicolae_shop_stone, shop, nicolae_shop_advertising_works
          [nicolae_subvault_shop_adworks], chequers_ecumenical_altar_simple,
          minmay_misc_feat_nine_boxes, kennysheep_generic_room_14
D:4:      layout_basic
D:5:      layout_basic, minmay_manual_moon, uniq_duvessa
D:6:      layout_basic, serial_shops, nicolae_inconvenience_store,
          nrook_campfire, uniq_pikel
D:7:      layout_rooms, grunt_temple_overflow_order_and_chaos_1,
          minmay_temple_entry_enclosed_plants, serial_shops, shop, fountainhead
D:8:      layout_loops_ring, mainiacjoe_overflow_concentric_impassable
D:9:      layout_basic, enter_bailey_5, uniq_psyche
D:10:     layout_irregular_city, mainiacjoe_overflow_small_starburst,
          dpeg_lair_monsters, uniq_harold
D:11:     layout_irregular_city, david_orc_1_choice, corexii_corridor_pit,
          lightli_church_of_beogh
D:12:     four-leaf_vault, layout_irregular_city
D:13:     layout_basic, erik_vaults_1, uniq_lodul
D:14:     layout_layer_cave, uniq_roxanne, uniq_rupert
D:15:     gammafunk_depths_entry_grave, layout_basic, serial_shops,
          bzr_firewalk, nemelex_spade_bored_becter, uniq_agnes
Temple:   nicolae_temple_bog_church
Lair:1:   layout_loops_ring, grunt_megastairs_5
Lair:2:   layout_regular_city, elwin_shoals_entry_rocks,
          grunt_forest_small_clearing_treed, uniq_gastronok
Lair:3:   layout_roguey, nicolae_spider_entry_non_spiders,
          infiniplex_staircase_pool_2, grunt_megastairs_1, uniq_amaemon
Lair:4:   layout_layer_cave, slime_entry_1
Lair:5:   minmay_lair_end_frog_pond, layout_hall_layers
Shoals:1: layout_shoals, nicolae_splish_splash
Shoals:2: layout_shoals, nicolae_shoals_isolated_beach
Shoals:3: layout_shoals, argonaut_gorgonesque
Shoals:4: shoals_end_hellmonk_storm_palace [storm_palace_center_circular,
          storm_palace_corner_grid, storm_palace_corner_grid,
          storm_palace_corner_blocked, storm_palace_corner_grid],
          uniq_polyphemus
Spider:1: layout_cave_pods
Spider:2: layout_spider_delve, nicolae_spider_undead_wolf_pack
Spider:3: layout_spider_delve
Spider:4: grunt_spider_rune_parallel
Orc:1:    layout_diamond_mine, serial_shops, shop
Orc:2:    st_orc_mages, layout_caves, uniq_azrael

Skill      XL: |  1  2  3  4  5  6  7  8  9 10 11 12 13 14 15 16 17 |
---------------+----------------------------------------------------+-----
Spellcasting   | 3 4 5 6 7 9 10 11 12 13 15 16 17 | 17.4
Hexes          | 4 5 6 7 8 9 10 11 12 13 14 15 16 17 | 17.5
Stealth        | 5 6 8 10 11 12 14 15 16 18 19 20 21 | 21.4
Dodging        | 5 7 9 10 12 13 14 15 16 | 16.6
Fighting       | 2 4 5 6 7 8 9 10 | 10.9
Short Blades   | 4 5 7 8 10 | 10.0
Evocations     | 8 11 | 11.0

Action                   |  1- 3 |  4- 6 |  7- 9 | 10-12 | 13-15 | 16-18 || total
-------------------------+-------+-------+-------+-------+-------+-------++-------
Melee: Dagger            |   148 |    97 |       |       |       |       ||   245
       Punch             |     3 |       |     1 |    14 |    36 |    18 ||    72
       Quick blade       |       |    53 |   198 |   484 |  1882 |   993 ||  3610
 Cast: Ensorcelled Hiber |     1 |    18 |    15 |    75 |    81 |    73 ||   263
       Tukima's Dance    |       |     6 |    17 |    57 |    66 |    14 ||   160
       Confusing Touch   |       |     2 |     6 |    12 |    16 |    14 ||    50
       Dazzling Flash    |       |       |       |     2 |    28 |       ||    30
       Enfeeble          |       |       |       |       |       |    55 ||    55
Invok: Shadow Step       |       |       |       |     2 |     3 |     6 ||    11
Evoke: Wand              |       |       |       |     7 |    10 |     7 ||    24
       Box of beasts     |       |       |       |       |     1 |     2 ||     3
       Condenser vane    |       |       |       |       |     1 |     1 ||     2
       Tin of tremorston |       |       |       |       |       |     4 ||     4
  Use: Scroll            |     9 |     4 |     6 |    14 |     8 |     5 ||    46
       Potion            |       |     2 |     2 |     5 |     9 |     9 ||    27
 Stab: Sleeping          |    14 |    20 |    19 |    76 |   122 |    99 ||   350
       Distracted        |     1 |     2 |       |     3 |    16 |     6 ||    28
       Confused          |       |     2 |     6 |    16 |    22 |    13 ||    59
       Invisible         |       |     3 |     2 |       |    28 |    53 ||    86
Armor: Robe              |    17 |    13 |    33 |     5 |       |       ||    68
       Steam dragon scal |       |       |       |    36 |   191 |   131 ||   358
Dodge: Dodged            |   111 |    94 |   120 |   208 |  1188 |   781 ||  2502

Table legend: (Time is in decaauts)
 A = Elapsed time spent in this place.
 B = Non-inter-level travel time spent in this place.
 C = Inter-level travel time spent in this place.
 D = Time resting spent in this place.
 E = Time spent auto-exploring this place.
 F = Levels seen in this place.
 G = Mean time per level.
                   A        B        C        D        E       F      G
               +--------+--------+--------+--------+--------+-----+--------+
         Total |  23386 |  21970 |   1416 |   2060 |  13910 |  33 |  708.7 |
       Dungeon |  12016 |  11201 |    815 |    832 |   7513 |  15 |  801.1 |
        Temple |    115 |    100 |     15 |      0 |     91 |   1 |  115.0 |
          Lair |   3520 |   3228 |    292 |      7 |   2244 |   5 |  704.0 |
        Shoals |   3720 |   3627 |     93 |    616 |   2105 |   4 |  930.0 |
   Spider Nest |   1993 |   1893 |    100 |    241 |    929 |   4 |  498.2 |
  Orcish Mines |   1301 |   1201 |    100 |    233 |    619 |   2 |  650.5 |
        Bazaar |    313 |    313 |      0 |      0 |    256 |   1 |  313.0 |
        Bailey |    405 |    405 |      0 |    130 |    149 |   1 |  405.0 |
               +--------+--------+--------+--------+--------+-----+--------+

Top non-repeatable levels by time:
    D:11: 1813 daAuts
Shoals:2: 1409 daAuts
     D:3: 1029 daAuts
    D:10: 1025 daAuts
Shoals:1: 994 daAuts
   Orc:2: 994 daAuts
     D:1: 991 daAuts
Spider:2: 901 daAuts
  Lair:4: 850 daAuts
    D:14: 818 daAuts
Shoals:4: 816 daAuts
  Lair:5: 809 daAuts
     D:6: 780 daAuts
    D:15: 764 daAuts
     D:4: 722 daAuts
